 Dungeon Crawl Stone Soup version 0.23-a0-473-gc8aadda (webtiles) character file.

342 soekahtowa the Ruffian (level 6, 0/61 HPs)
             Began as a Troll Berserker on Nov 27, 2018.
             Was a Priest of Trog.
             Slain by a frilled lizard (3 damage)
             ... on level 4 of the Dungeon on Nov 28, 2018.
             The game lasted 00:23:53 (2107 turns).

soekahtowa the Ruffian (Troll Berserker)            Turns: 2107, Time: 00:23:53

Health: 0/61       AC: 12    Str: 28    XL:     6   Next: 30%
Magic:  5/5        EV: 11    Int:  3    God:    Trog [***...]
Gold:   177        SH:  0    Dex:  9    Spells: 5/5 levels left

rFire    . . .     SeeInvis .   e - +1 mace (protect)
rCold    . . .     Gourm    +   (no shield)
rNeg     . . .     Faith    .   a - +0 animal skin
rPois    .         Spirit   .   (helmet restricted)
rElec    .         Reflect  .   (no cloak)
rCorr    .         Harm     .   (gloves unavailable)
MR       ++...                  (boots unavailable)
Stlth    +.........             (no amulet)
HPRegen  1.60/turn              (no ring)
MPRegen  0.09/turn              (no ring)

@: lethally poisoned (0 -> -19), protection aura, regenerating
A: large, unfitting armour, claws 3, fast metabolism 3, gourmand, regeneration
1, shaggy fur 1, tough skin 2
a: Berserk, Trog's Hand, Renounce Religion


You were on level 4 of the Dungeon.
You worshipped Trog.
Trog was most pleased with you.
You were not hungry.

You visited 1 branch of the dungeon, and saw 4 of its levels.

You collected 177 gold pieces.

Inventory:

Hand Weapons
 e - a +1 mace of protection (weapon)
Missiles
 g - 2 tomahawks (quivered)
Armour
 a - a +0 animal skin (worn)
Comestibles
 b - 2 rations
 d - 3 chunks of flesh


   Skills:
 + Level 3.4 Fighting
   Level 1.6 Axes
 + Level 3.4 Dodging
 + Level 0.3 Stealth
 + Level 5.1 Unarmed Combat


You had 5 spell levels left.
You didn't know any spells.
Your spell library was empty.

Dungeon Overview and Level Annotations

Branches:
Dungeon (4/15)
 Temple: D:4-7

Altars:
Ashenzari
Wu Jian
Zin


Innate Abilities, Weirdness & Mutations

You are too large for most types of armour.
You have claws for hands.
Your metabolism is lightning-fast.
You like to eat raw meat.
Your natural rate of healing is unusually fast.
You are covered in fur. (AC +1)
You have very tough skin. (AC +2)


Message History

You feel very sick.
Found a stone staircase leading down.
You feel sick.
You closely miss something.
You feel very sick. Something hits you but does no damage.
You are more poisoned.
Something hits you.
* * * LOW HITPOINT WARNING * * *
You are lethally poisoned!
You hit something but do no damage.
Your weapon exudes an aura of protection.
Your claw misses something.
* * * LOW HITPOINT WARNING * * *
You feel very sick. Something hits you.
* * * LOW HITPOINT WARNING * * *
You are more poisoned.
The frilled lizard bites you.
You die...

#>...........
#.......[....
..........#
#........#
##........######
#...Z...........
#...l.....#...#.
#[..@...........
#.........#...#
#..............
##........###########
##?................#
#####........<.....
#.)..#####.##[.
#.)..# #.......
#.............#.....


You could see a frilled lizard and an adder skeleton.

Vanquished Creatures
  A centaur (D:3)
  2 hounds
  A centaur skeleton (D:4)
  An orc wizard (D:3)
  Robin (D:3)
  3 gnolls (D:3)
  3 adders
  An ooze (D:3)
  An adder skeleton (D:4)
  3 worms
  A dart slug (D:3)
  A leopard gecko (D:2)
  5 orcs
  6 hobgoblins
  5 kobolds
  A quokka (D:3)
  5 bats
  5 frilled lizards
  17 goblins
  5 rats
  A toadstool (D:1)
69 creatures vanquished.

Vanquished Creatures (others)
  3 toadstools (D:1)
3 creatures vanquished.

Grand Total: 72 creatures vanquished

Notes
Turn   | Place    | Note
-------+----------+-------------------------------------------
     0 | D:1      | soekahtowa the Troll Berserker began the quest for the Orb.
     0 | D:1      | Reached XP level 1. HP: 22/22 MP: 0/0
   175 | D:1      | Reached XP level 2. HP: 23/29 MP: 1/1
   482 | D:2      | Found an ornate altar of the Wu Jian Council.
   625 | D:2      | Found a glowing silver altar of Zin.
   625 | D:2      | Noticed an angel
   763 | D:2      | Reached XP level 3. HP: 32/37 MP: 2/2
   775 | D:2      | Found a shattered altar of Ashenzari.
   982 | D:2      | Reached skill level 4 in Unarmed Combat
   982 | D:2      | Reached XP level 4. HP: 45/45 MP: 3/3
  1121 | D:3      | Reached ** piety under Trog
  1411 | D:3      | Noticed Robin
  1415 | D:3      | Noticed a centaur
  1419 | D:3      | Reached XP level 5. HP: 48/53 MP: 4/4
  1431 | D:3      | Killed a centaur
  1440 | D:3      | Reached skill level 5 in Unarmed Combat
  1513 | D:3      | Reached skill level 1 in Axes
  1548 | D:3      | Killed Robin
  1631 | D:3      | Reached XP level 6. HP: 51/61 MP: 5/5
  2005 | D:4      | Reached *** piety under Trog
  2107 | D:4      | HP: 3/61 [something (4)]
  2107 | D:4      | Slain by a frilled lizard

Vault maps used:
D:1:      ldierk_water_garden, grunt_decor_cap, st_stairs_12,
          minmay_misc_feat_secret_circle
D:2:      overflow_temple_1_default, zin_angel, lemuel_doored_altar
D:3:      first_ration, uniq_robin
D:4:      lemuel_coloured_pillars_altar, lightli_sewer_entry_pipes,
          ebering_ghost_disaster_area, grunt_decor_resistance, uniq_grinder,
          uniq_sigmund

Skill      XL: |  1  2  3  4  5 |
---------------+----------------+-----
Fighting       | 3 |  3.4
Unarmed Combat | 4 5 |  5.1
Dodging        | 3 |  3.4
Axes           | 1 |  1.6
Stealth        | |  0.3

Action                   |  1- 3 |  4- 6 || total
-------------------------+-------+-------++-------
Melee: Unarmed           |    84 |    18 ||   102
       Hand axe          |       |   106 ||   106
       Punch             |       |     4 ||     4
       Mace              |       |    11 ||    11
Invok: Trog's Hand       |       |     1 ||     1
  Use: Potion            |       |     2 ||     2
  Eat: Chunk             |     6 |     6 ||    12
       Ration            |       |     2 ||     2
Armor: Animal skin       |    41 |    63 ||   104
Dodge: Dodged            |    64 |   100 ||   164

Table legend:
 A = Non-vault XP
 B = Vault XP
 C = Vault XP percentage of total XP
 D = Non-vault monster count
 E = Vault monster count
 F = Vault count percentage of total count
                 A         B        C        D         E       F
            +---------+---------+-------+---------+---------+-------
      Total |     447 |      42 |   8.6 |      53 |      15 |  22.1
            +---------+---------+-------+---------+---------+-------
        D:1 |      22 |       2 |   8.3 |      14 |       2 |  12.5
        D:2 |      76 |       0 |   0.0 |      13 |       0 |   0.0
        D:3 |     251 |      40 |  13.7 |      19 |      13 |  40.6
        D:4 |      98 |       0 |   0.0 |       7 |       0 |   0.0
            +---------+---------+-------+---------+---------+-------
